 Dungeon Crawl Stone Soup version 0.31-a0-865-g3d5d91748a (webtiles) character file.

Game seed: 1849962592199313412

1330 Darius099 the Cleaver (level 8, 0/66 HPs)
             Began as a Minotaur Fighter on Oct 11, 2023.
             Slain by a lemure (6 damage)
             ... led by Pikel
             ... on level 6 of the Dungeon.
             The game lasted 00:11:28 (5465 turns).

Darius099 the Cleaver (Minotaur Fighter)            Turns: 5465, Time: 00:11:28

Health: 0/66       AC: 10    Str: 23    XL:     8   Next: 34%
Magic:  7/7        EV:  8    Int:  5    God:
Gold:   212        SH:  4    Dex: 10    Spells: 7/7 levels left

rFire   . . .        a - +0 war axe
rCold   . . .        c - +0 buckler
rNeg    . . .        t - +0 chain mail
rPois   .            (helmet restricted)
rElec   .            (no cloak)
rCorr   +            g - +0 pair of gloves
SInv    .            (no boots)
Will    .....        (no amulet) Stlth
                     w - ring of resist corrosion
HPRegen 0.31/turn    (no ring)
MPRegen 0.10/turn

%: no passive effects
@: no status effects
A: horns 2, retaliatory headbutt
a: no special abilities


You were on level 6 of the Dungeon.
You visited 1 branch of the dungeon, and saw 6 of its levels.

You collected 212 gold pieces.

Inventory:

Hand Weapons
 a - a +0 war axe (weapon)
Armour
 c - a +0 buckler (worn)
 g - a +0 pair of gloves (worn)
 t - a +0 chain mail (worn)
Jewellery
 w - a ring of resist corrosion (left hand)
 z - a ring of poison resistance
Scrolls
 b - 2 scrolls of enchant armour {unknown}
 e - 2 scrolls of fog {unknown}
 f - 6 scrolls of identify {unknown}
 h - a scroll of fear {unknown}
 j - 2 scrolls of torment {unknown}
 k - a scroll of silence {unknown}
 q - a scroll of enchant weapon {unknown}
 r - 4 scrolls of teleportation {unknown}
 v - a scroll of poison {unknown}
 x - 2 scrolls of revelation {unknown}
 y - a scroll of immolation
 A - a scroll of blinking {unknown}
Potions
 d - 4 potions of might
 i - 2 potions of brilliance {unknown}
 l - a potion of attraction {unknown}
 m - 3 potions of curing
 n - a potion of cancellation {unknown}
 o - 2 potions of resistance {unknown}
 p - a potion of enlightenment {unknown}
 s - 2 potions of mutation {unknown}
 u - 3 potions of heal wounds {unknown}
 B - a potion of lignification {unknown}


   Skills:
 - Level 4.0 Fighting
 + Level 12.0 Axes
 - Level 4.0 Armour
 - Level 4.0 Shields


You had 7 spell levels left.
You didn't know any spells.
Your spell library contained the following spells:

 Spells                   Type           Power      Damage    Failure   Level
 Magic Dart               Conj           0%         1d3       98%         1
 Call Imp                 Summ           0%         N/A       99%         2
 Searing Ray              Conj           0%         2d4       99%         2
 Mephitic Cloud           Conj/Pois/Air  0%         N/A       100%        3
 Anguish                  Hex/Necr       0%         N/A       100%        4
 Cause Fear               Hex            0%         N/A       100%        4
 Fulminant Prism          Conj/Hex       0%         3d5       100%        4
 Enfeeble                 Hex            0%         N/A       100%        7


Dungeon Overview and Level Annotations

Branches:
Dungeon (6/15)
 Temple: D:4-7

Altars:
Gozag
Hepliaklqana
Makhleb
Nemelex Xobeh
Sif Muna
Zin

Shops:
D:3 *

Annotations:
D:6 Pikel


Innate Abilities, Weirdness & Mutations

You have a pair of horns on your head.
You reflexively headbutt those who attack you in melee.


Message History

You barely miss the lemure. You miss the lemure. You block the lemure's attack.
Pikel hits you with a +0 whip of freezing.
Pikel freezes you. The lemure hits you.
You barely miss Pikel.
Pikel is lightly wounded.
You barely miss the lemure. x2; The lemure hits you.
Pikel hits you but does no damage. You block the lemure's attack.
You closely miss Pikel. You headbutt Pikel.
Pikel is lightly wounded.
You hit the lemure but do no damage. You barely miss the lemure.
The lemure barely misses you. Pikel hits you but does no damage.
The lemure hits you.
You hit Pikel. Your headbutt misses Pikel.
Pikel is moderately wounded.
You hit the lemure. x2; You block the lemure's attack.
Pikel hits you with a +0 whip of freezing.
Pikel freezes you. The lemure hits you.
* * * LOW HITPOINT WARNING * * *
You hit Pikel. Your headbutt misses Pikel.
Pikel is moderately wounded.
You closely miss the lemure. x2; The lemure completely misses you.
You block Pikel's attack. The lemure closely misses you.
You furiously retaliate!
You headbutt the lemure! You barely miss Pikel.
Pikel is moderately wounded.
You closely miss the lemure. You hit the lemure. You block the lemure's attack.
The lemure hits you.
* * * LOW HITPOINT WARNING * * *
You block Pikel's attack.
You hit Pikel but do no damage. You headbutt Pikel, but do no damage.
Pikel is moderately wounded.
You completely miss the lemure. You closely miss the lemure.
The lemure hits you!
* * * LOW HITPOINT WARNING * * *
The lemure hits you but does no damage. Pikel closely misses you.
You hit Pikel.
Pikel is heavily wounded.
You hit the lemure but do no damage. x2
The lemure hits you but does no damage. The lemure hits you.
You die...

......#...............
......##.......##...##
..
..............###.....
.# ..............#
....## .#
..............#.......
..
#............#.......
..
..#5................
#5K........#####..
#@5........#
#..#.......#
#..#.......#
#....#.......#
#....#.......# ..
###..#.#...### .
.........# # .#.#. # .
...


You could see Pikel and 3 lemures.

Vanquished Creatures
  4 water moccasins
  The ghost of Zvl3 the Chopper, an amateur HOMo (D:3)
  An ogre (D:5)
  A lemure (D:6)
  A phantom (D:4)
  A scorpion (D:4)
  2 hounds (D:4)
  A jelly (D:5)
  3 orc priests
  A gnoll bouda (D:5)
  2 iguanas (D:5)
  3 orc wizards
  8 gnolls
  5 adders
  2 white imps (D:5)
  An ufetubus (D:5)
  6 worms
  4 dart slugs
  15 orcs
  3 bats
  7 endoplasms
  2 giant cockroaches
  7 goblins
  4 hobgoblins
  7 jackals
  5 quokkas
  4 ball pythons
  4 frilled lizards
  14 kobolds
  3 rats
122 creatures vanquished.

Notes
Turn   | Place    | Note
-------+----------+-------------------------------------------
     0 | D:1      | Darius099 the Minotaur Fighter began the quest for the Orb.
     0 | D:1      | Reached XP level 1. HP: 19/19 MP: 0/0
   161 | D:1      | Reached XP level 2. HP: 27/27 MP: 1/1
   789 | D:2      | Reached skill level 3 in Axes
   855 | D:2      | Reached XP level 3. HP: 33/33 MP: 2/2
  1086 | D:2      | Reached skill level 4 in Axes
  1453 | D:3      | Found a runed translucent door.
  1475 | D:3      | Reached XP level 4. HP: 34/40 MP: 3/3
  1484 | D:3      | Reached skill level 5 in Axes
  1703 | D:3      | Found an opulent altar of Gozag.
  1709 | D:3      | Found Gozag's Platinum Reserve.
  1939 | D:3      | Reached XP level 5. HP: 46/46 MP: 4/4
  2046 | D:3      | Noticed Zvl3's ghost (amateur HOMo)
  2174 | D:3      | Found a faded altar of an unknown god.
  2190 | D:3      | Reached skill level 6 in Axes
  2396 | D:3      | Found a runed translucent door.
  2421 | D:3      | Killed Zvl3's ghost
  2422 | D:3      | Reached skill level 7 in Axes
  2422 | D:3      | Reached XP level 6. HP: 35/52 MP: 5/5
  2595 | D:4      | Noticed a water moccasin
  2603 | D:4      | Killed a water moccasin
  2604 | D:4      | Reached skill level 8 in Axes
  3086 | D:4      | Found a shimmering blue altar of Sif Muna.
  3182 | D:4      | Reached XP level 7. HP: 44/59 MP: 6/6
  3404 | D:4      | Found a hazy altar of Hepliaklqana.
  3406 | D:4      | Found a sparkling altar of Nemelex Xobeh.
  3457 | D:4      | Reached skill level 9 in Axes
  3895 | D:5      | Entered Level 5 of the Dungeon
  4189 | D:5      | Reached skill level 10 in Axes
  4280 | D:5      | HP: 1/59 [poisoned by a water moccasin]
  4451 | D:5      | Found a burning altar of Makhleb.
  4708 | D:5      | Found a glowing silver altar of Zin.
  4750 | D:5      | Reached XP level 8. HP: 56/66 MP: 7/7
  4945 | D:5      | Reached skill level 11 in Axes
  5412 | D:6      | Reached skill level 12 in Axes
  5443 | D:6      | Noticed Pikel
  5465 | D:6      | Slain by a lemure

Illustrated notes

Levels and vault maps discovered:
D:1:      dpeg_arrival_arbitrary_b, layout_basic
D:2:      layout_basic, minmay_tetromino_i4
D:3:      layout_loops_ring, nicolae_gozag_zags_fifth_avenue,
          hellmonk_ecumenical_altar_blasted, ebering_ghost_sewer_f
D:4:      layout_loops_corners, nicolae_sif_muna_little_library,
          nicolae_overflow_hidden_temple
D:5:      layout_loops_corners, zin_academy, lightli_temple_of_fire
D:6:      layout_basic, trog_butcher_becter, uniq_pikel

Skill      XL: |  1  2  3  4  5  6  7  8 |
---------------+-------------------------+-----
Fighting       | 4 |  4.0
Armour         | 4 |  4.0
Shields        | 4 |  4.0
Axes           | 3 4 5 7 8 10 12 | 12.0

Action                     |  1- 3 |  4- 6 |  7- 9 || total
---------------------------+-------+-------+-------++-------
  Melee: War axe           |    84 |   129 |   139 ||   352
         Headbutt          |    13 |    15 |    24 ||    52
    Use: Potion            |       |       |     1 ||     1
 Armour: Scale mail        |    56 |       |       ||    56
         Chain mail        |     4 |    98 |   116 ||   218
  Dodge: Dodged            |    29 |    44 |    47 ||   120
  Block: Buckler           |    21 |    27 |    38 ||    86

Table legend: (Time is in decaauts)
 A = Elapsed time spent in this place.
 B = Non-inter-level travel time spent in this place.
 C = Inter-level travel time spent in this place.
 D = Time resting spent in this place.
 E = Time spent auto-exploring this place.
 F = Levels seen in this place.
 G = Mean time per level.
                   A        B        C        D        E       F      G
               +--------+--------+--------+--------+--------+-----+--------+
         Total |   5527 |   5393 |    134 |   1074 |   2457 |   6 |  921.2 |
       Dungeon |   5527 |   5393 |    134 |   1074 |   2457 |   6 |  921.2 |
               +--------+--------+--------+--------+--------+-----+--------+

Top non-repeatable levels by time:
     D:5: 1373 daAuts
     D:4: 1307 daAuts
     D:3: 1169 daAuts
     D:2: 777 daAuts
     D:1: 703 daAuts
     D:6: 196 daAuts
